 Dungeon Crawl Stone Soup version 0.27.1-33-g824d729ab1 (webtiles) character file.

Game seed: 4070480912662974211

9800 Destapler the Cleaver (level 11, -10/166 HPs)
             Began as a Troll Berserker on Dec 9, 2021.
             Was a High Priest of Trog.
             Mangled by an orc warlord (23 damage)
             ... on level 1 of the Orcish Mines.
             The game lasted 00:29:37 (8484 turns).

Destapler the Cleaver (Troll Berserker)             Turns: 8484, Time: 00:29:38

Health: -10/166    AC: 12    Str: 33    XL:     11   Next: 27%
Magic:  10/10      EV: 12    Int:  6    God:    Trog [*****.]
Gold:   501        SH:  0    Dex: 11    Spells: 10/10 levels left

rFire    . . .     SeeInvis .   b - +2 war axe "Hydraslayer" {freeze, Will++ Int+2}
rCold    . . .     Faith    .   (no shield)
rNeg     . . .     Spirit   .   r - +0 acid dragon scales
rPois    +         Reflect  .   (helmet restricted)
rElec    .         Harm     .   d - +1 cloak
rCorr    +         Rampage  .   (gloves unavailable)
Will     ++...                  (boots unavailable)
Stlth    ..........             s - amulet of the acrobat
HPRegen  1.37/turn              K - +6 ring of strength
MPRegen  0.12/turn              i - ring of poison resistance

@: mighty, berserking (expiring), studying Armour, very quick
A: large, unfitting armour, claws 3, regeneration 1, shaggy fur 1, tough skin 1
a: Renounce Religion, Berserk, Trog's Hand, Brothers in Arms


You were on level 1 of the Orcish Mines.
You worshipped Trog.
Trog was extremely pleased with you.
You visited 2 branches of the dungeon, and saw 12 of its levels.
You also visited: Sewer and Ossuary.

You collected 624 gold pieces.
You spent 123 gold pieces at shops.

Inventory:

Hand Weapons
 a - a +2 hand axe of electrocution
 b - the +2 war axe "Hydraslayer" (weapon) {freeze, Will++ Int+2}
   (You found it on level 6 of the Dungeon)

   It freezes those it strikes, dealing additional cold damage.
   It can also slow down cold-blooded creatures.
   Int:       It affects your intelligence (+2).
   Will:      It greatly increases your willpower.
 M - a +2 battleaxe of flaming
Missiles
 m - 50 poisoned darts (quivered)
 G - 7 boomerangs
 J - 7 javelins
Armour
 d - a +1 cloak (worn)
 l - a +2 robe of cold resistance
 r - +0 acid dragon scales (worn)
Jewellery
 e - a +4 ring of protection
 f - a ring of positive energy
 i - a ring of poison resistance (right claw)
 s - an amulet of the acrobat (around neck)
 y - a +6 ring of dexterity
 F - a ring of fire
 K - a +6 ring of strength (left claw)
Wands
 c - a wand of digging (17)
 H - a wand of mindburst (15)
 L - a wand of polymorph (10)
 N - a wand of paralysis (4)
Scrolls
 g - a scroll of brand weapon
 h - 6 scrolls of teleportation
 j - a scroll of blinking
 t - 8 scrolls of identify
 D - 2 scrolls of magic mapping
 E - a scroll of silence
 P - a scroll of vulnerability
Potions
 k - 6 potions of curing {unknown}
 n - 5 potions of haste
 o - 3 potions of attraction {unknown}
 p - a potion of brilliance {unknown}
 q - 2 potions of ambrosia {unknown}
 u - 3 potions of heal wounds
 v - a potion of lignification {unknown}
 w - 4 potions of flight
 x - a potion of cancellation
 z - a potion of invisibility {unknown}
 A - 6 potions of mutation {unknown}
 B - a potion of magic {unknown}
 I - a potion of degeneration {unknown}
 O - 2 potions of resistance {unknown}


   Skills:
 + Level 7.9 Fighting
 * Level 8.5 Axes
 + Level 7.3 Armour
 + Level 7.9 Dodging
 - Level 3.0 Unarmed Combat
 + Level 3.0 Evocations


You had 10 spell levels left.
You didn't know any spells.
Your spell library contained the following spells:

 Spells                   Type           Power      Damage    Failure   Level
 Magic Dart               Conj           0%         1d3       50%         1
 Blink                    Tloc           N/A        N/A       65%         2
 Call Imp                 Summ           0%         N/A       65%         2
 Mephitic Cloud           Conj/Pois/Air  0%         N/A       86%         3
 Portal Projectile        Hex/Tloc       0%         N/A       86%         3
 Airstrike                Air            0%         N/A       99%         4
 Summon Ice Beast         Ice/Summ       0%         N/A       99%         4
 Summon Lightning Spire   Summ/Air       0%         N/A       99%         4
 Alistair's Intoxication  Tmut/Pois      0%         N/A       100%        5
 Blade Hands              Tmut           0%         N/A       100%        5
 Borgnjor's Vile Clutch   Necr/Erth      0%         N/A       100%        5
 Excruciating Wounds      Necr           0%         N/A       100%        5
 Lightning Bolt           Conj/Air       0%         1d11      100%        5
 Manifold Assault         Tloc           0%         N/A       100%        5
 Summon Mana Viper        Hex/Summ       0%         N/A       100%        5
 Eringya's Noxious Bog    Tmut/Pois      0%         N/A       100%        6
 Monstrous Menagerie      Summ           0%         N/A       100%        7
 Storm Form               Tmut/Air       0%         N/A       100%        7


Dungeon Overview and Level Annotations

Branches:
Dungeon (11/15)            Temple (0/1) D:5            Lair (0/6) D:9
    Orc (1/2) D:10          Sewer (visited)         Ossuary (visited)

Altars:
Fedhas
Hepliaklqana
Kikubaaqudgha
Makhleb
Ru
Uskayaw
Wu Jian

Shops:
D:2 ?   D:3 ?[[:?   Orc:1 (


Innate Abilities, Weirdness & Mutations

You are too large for most types of armour.
You have claws for hands.
Your natural rate of healing is unusually fast.
You are covered in fur. (AC +1)
You have tough skin. (AC +1)


Message History

The orc priest begins to cast a cantrip, but forgets the words!
The orc warrior hits you from afar with a +0 trident!
You hit the orc warlord. You freeze the orc warlord.
The orc warlord is lightly wounded.
The orc warlord hits you with a +0 vorpal battleaxe!!
* * * LOW HITPOINT WARNING * * *
x2 You slice the orc warlord!!
You freeze the orc warlord.
The orc warlord is moderately wounded.
The orc warrior hits you from afar with a +0 trident.
* * * LOW HITPOINT WARNING * * *
The orc warlord roars a battlecry!
The orc warriors go into a battle-frenzy!
You hit the orc warlord. You freeze the orc warlord.
The orc warlord is moderately wounded.
The orc warrior barely misses you.
Unknown command.
You slash the orc warlord! You freeze the orc warlord.
The orc warlord is heavily wounded.
The orc warlord roars a battlecry!
The orc warrior hits you from afar with a +0 trident!!
* * * LOW HITPOINT WARNING * * *
You hear a shout!
Unknown command.
You barely miss the orc warlord.
The orc warlord is heavily wounded.
The orc warlord roars a battlecry!
You slash the orc warlord! You freeze the orc warlord.
The orc warlord is heavily wounded.
The orc warrior hits you from afar with a +0 trident!
* * * LOW HITPOINT WARNING * * *
The orc warlord barely misses you.
An orc warrior comes into view. It is wielding a +4 hand axe.
Unknown command.
You slash the orc warlord! You freeze the orc warlord.
You claw the orc warlord!
The orc warlord is almost dead.
The orc warrior hits you from afar with a +0 trident!
* * * LOW HITPOINT WARNING * * *
The orc warlord hits you with a +0 vorpal battleaxe!!
You die...

...## #..o. .#
#...##.o# .#
#..#..# #..
#...o## ##..
##..### #...###
##o#.## #.
#...####oo..#
.#..
#...^)#ooo.#...#
...# ###...@#o#.#
##
....###...#####.#
#.....### ..
#......# ##
##.....##
##.....###
#........###
#...###....# #..#
##..##


You could see an orc warlord, 3 orc warriors, an orc priest (strong) and an orc
(strong).

Vanquished Creatures
  A centaur warrior (D:9)
  2 two-headed ogres
  Maggie (D:7)
  A komodo dragon (D:9)
  A kobold demonologist (D:9)
  2 trolls
  A wyvern (D:10)
  Eustachio (D:6)
  2 shadows (D:10)
  2 vampire mosquitoes (D:8)
  A two-headed ogre zombie (D:10)
  A water moccasin (D:7)
  2 acid dragons
  6 orc warriors
  An ice beast (D:8)
  A black bear (D:6)
  A necrophage (D:6)
  An ogre (D:5)
  3 centaurs
  2 phantoms
  6 bullfrogs
  3 kobold brigands
  A gnoll sergeant (D:10)
  A water moccasin zombie (Ossuary)
  2 wyvern zombies (Ossuary)
  A scorpion (D:4)
  A troll zombie (D:10)
  13 killer bees
  5 wights
  A howler monkey (D:6)
  6 bullfrog zombies
  3 centaur skeletons
  A jelly (D:4)
  7 centaur zombies
  4 hounds (D:5)
  9 orc priests
  A bullfrog skeleton (D:5)
  Crazy Yiuf (D:4)
  3 iguanas
  10 orc wizards
  A scorpion zombie (D:5)
  4 killer bee zombies (Ossuary)
  6 ogre zombies (D:10)
  A hound zombie (D:5)
  12 mummies (Ossuary)
  6 howler monkey zombies
  8 adders
  3 gnolls (D:10)
  A white imp (D:7)
  An ufetubus (D:5)
  A worm (D:2)
  46 orcs
  10 ball pythons
  9 endoplasms
  5 giant cockroaches
  8 goblins
  6 hobgoblins (D:1)
  13 jackals
  9 quokkas
  5 bats
  2 frilled lizards
  4 goblin skeletons (D:10)
  3 goblin zombies (D:10)
  2 hobgoblin skeletons (D:10)
  A hobgoblin zombie (D:10)
  23 kobolds
  2 orc skeletons (D:10)
  13 orc zombies (D:10)
  7 rats
324 creatures vanquished.

Vanquished Creatures (others)
  15 fungi
  15 plants
  2 toadstools (D:3)
  4 withered plants (Ossuary)
36 creatures vanquished.

Grand Total: 360 creatures vanquished

Notes
Turn   | Place    | Note
-------+----------+-------------------------------------------
     0 | D:1      | Destapler the Troll Berserker began the quest for the Orb.
     0 | D:1      | Reached XP level 1. HP: 22/22 MP: 0/0
   151 | D:1      | Reached XP level 2. HP: 29/29 MP: 1/1
   268 | D:1      | Noticed an eye of devastation
   276 | D:1      | Noticed a floating eye
   301 | D:1      | Found a faded altar of an unknown god.
   302 | D:1      | Noticed a golden eye
   313 | D:1      | Reached XP level 3. HP: 34/37 MP: 2/2
   314 | D:1      | Reached ** piety under Trog
   323 | D:1      | Noticed a shining eye
   892 | D:2      | Found Antuhur's Magic Scroll Boutique.
   921 | D:2      | Reached XP level 4. HP: 45/45 MP: 3/3
   925 | D:2      | Bought a scroll of magic mapping for 35 gold pieces
   931 | D:2      | Found a blossoming altar of Fedhas.
  1297 | D:3      | Found Eniohek's Antique Armour Boutique.
  1356 | D:3      | Found Daockifa's Antique Armour Boutique.
  1357 | D:3      | Found Ohoisyrr's Book Shop.
  1411 | D:3      | Reached *** piety under Trog
  1439 | D:3      | Bought an embroidered robe for 88 gold pieces
  1712 | D:3      | Found Kejesmu's Magic Scroll Shoppe.
  1800 | D:3      | Reached XP level 5. HP: 54/54 MP: 4/4
  1804 | D:3      | Found Deetasih's Magic Scroll Boutique.
  2292 | D:4      | Reached XP level 6. HP: 59/62 MP: 5/5
  2605 | D:4      | Found a runed translucent door.
  2606 | D:4      | Noticed Crazy Yiuf
  2613 | D:4      | Killed Crazy Yiuf
  2641 | D:5      | Entered Level 5 of the Dungeon
  2786 | D:5      | Reached skill level 5 in Fighting
  2786 | D:5      | Reached skill level 5 in Dodging
  2786 | D:5      | Reached XP level 7. HP: 71/72 MP: 6/6
  2870 | D:5      | Reached skill level 1 in Axes
  2870 | D:5      | Reached skill level 1 in Armour
  2968 | D:5      | Found a staircase to the Ecumenical Temple.
  2981 | D:5      | Reached skill level 2 in Axes
  3336 | D:5      | Found an ornate altar of the Wu Jian Council.
  3436 | D:6      | Found a sand-covered staircase.
  3441 | Ossuary  | Entered an ossuary
  3462 | Ossuary  | Reached XP level 8. HP: 78/81 MP: 7/7
  3472 | Ossuary  | Reached **** piety under Trog
  3491 | Ossuary  | Reached skill level 3 in Axes
  3683 | Ossuary  | Reached skill level 4 in Axes
  3818 | D:6      | Found a glowing drain.
  3830 | Sewer    | Entered a sewer
  4021 | Sewer    | Reached ***** piety under Trog
  4127 | D:6      | Reached XP level 9. HP: 85/89 MP: 8/8
  4428 | D:6      | Noticed Eustachio
  4442 | D:6      | Killed Eustachio
  4443 | D:6      | Reached skill level 5 in Axes
  4443 | D:6      | Reached skill level 5 in Armour
  5202 | D:6      | Identified the +2 war axe "Hydraslayer" {freeze, Will++
                  | Int+2}
  5430 | D:7      | Noticed Maggie
  5466 | D:7      | Killed Maggie
  5579 | D:7      | Reached skill level 6 in Axes
  6078 | D:8      | Found a burning altar of Makhleb.
  6078 | D:8      | Found a hazy altar of Hepliaklqana.
  6079 | D:8      | Found a hide-covered altar of Uskayaw.
  6315 | D:8      | Found an ancient bone altar of Kikubaaqudgha.
  6427 | D:8      | Reached XP level 10. HP: 102/102 MP: 9/9
  6827 | D:9      | Reached skill level 7 in Axes
  6899 | D:9      | Reached skill level 1 in Evocations
  6993 | D:9      | Noticed a two-headed ogre
  7010 | D:9      | Killed a two-headed ogre
  7087 | D:9      | Found a staircase to the Lair.
  7384 | D:9      | Noticed a centaur warrior
  7404 | D:9      | Killed a centaur warrior
  7570 | D:10     | Entered Level 10 of the Dungeon
  7573 | D:11     | Noticed a two-headed ogre
  7577 | D:11     | Killed a two-headed ogre
  7578 | D:11     | Reached skill level 8 in Axes
  7708 | D:10     | Reached XP level 11. HP: 106/110 MP: 10/10
  7736 | D:10     | Found a sacrificial altar of Ru.
  7767 | D:10     | Received a gift from Trog
  7878 | D:10     | Found a staircase to the Orcish Mines.
  8370 | Orc:1    | Entered Level 1 of the Orcish Mines
  8371 | Orc:1    | Found Ympososk's Antique Weapon Shoppe.
  8459 | Orc:1    | Noticed an orc warlord
  8484 | Orc:1    | Mangled by an orc warlord

Illustrated notes

Levels and vault maps discovered:
D:1:      minmay_arrival_hallway, layout_loops_ring,
          hellmonk_ecumenical_altar_watching_god
D:2:      layout_rooms, serial_shops, shop, basic_altar, eino_tiny_chamber
D:3:      layout_loops_ring, serial_shops, nicolae_diamond_shop, shop,
          nicolae_shop_waterfront, nicolae_shop_waterfront,
          nicolae_shop_crystal, minmay_gold_behind_fungi,
          small_statue_intersection
D:4:      layout_basic, uniq_crazy_yiuf_cottage
D:5:      layout_basic, mainiacjoe_overflow_alcove_2, minmay_temple_entry_ruins,
          minmay_manual_moon
D:6:      layout_layer_cave, nicolae_ossuary_entry_monument,
          portal_sewer_entry_f, uniq_eustachio
D:7:      layout_loops_ring, uniq_maggie
D:8:      layout_basic, kiku_gazebo_pond_becter, gammafunk_temple_overflow_claw
D:9:      layout_roguey, david_lair_shrubbed
D:10:     layout_basic, nicolae_ru_awakened_eye, zombieorc2_lemuel
D:11:     layout_roguey
Orc:1:    layout_diamond_mine, serial_shops, shop

Skill      XL: |  1  2  3  4  5  6  7  8  9 10 11 |
---------------+----------------------------------+-----
Fighting       | 3 4 5 6 7 |  7.9
Dodging        | 3 4 5 6 7 |  7.9
Axes           | 2 4 6 8 |  8.5
Armour         | 2 4 5 6 7 |  7.3
Evocations     | 2 3 |  3.0
Unarmed Combat | |  3.0

Action                   |  1- 3 |  4- 6 |  7- 9 | 10-12 || total
-------------------------+-------+-------+-------+-------++-------
Melee: Unarmed           |   124 |   159 |       |       ||   283
       Punch             |       |     1 |     8 |     5 ||    14
       Hand axe          |       |       |   436 |   125 ||   561
       War axe           |       |       |       |   121 ||   121
Throw: Dart              |       |       |    15 |    11 ||    26
       Boomerang         |       |       |     3 |       ||     3
Invok: Berserk           |       |     3 |     3 |     5 ||    11
       Trog's Hand       |       |     1 |       |     3 ||     4
  Use: Scroll            |       |       |    16 |       ||    16
       Potion            |       |       |       |     1 ||     1
 Stab: Sleeping          |       |       |     3 |       ||     3
       Distracted        |       |       |     1 |       ||     1
Armor: Animal skin       |    59 |    37 |       |       ||    96
       Robe              |       |    42 |   195 |     8 ||   245
       Acid dragon scale |       |       |       |    99 ||    99
Dodge: Dodged            |    70 |    77 |   300 |   194 ||   641
